 Dungeon Crawl Stone Soup version 0.29.1-15-g9cfb28693d (webtiles) character file.

Game seed: 1473840497144479908

5 devnull the Chopper (level 1, -1/16 HPs)
             Began as a Human Gladiator on Feb 25, 2023.
             Slain by a quokka (2 damage)
             ... on level 1 of the Dungeon.
             The game lasted 00:00:33 (284 turns).

devnull the Chopper (Human Gladiator)                Turns: 284, Time: 00:00:33

Health: -1/16      AC:  4    Str: 14    XL:     1   Next: 88%
Magic:  1/1        EV: 12    Int:  8    God:
Gold:   24         SH:  0    Dex: 14    Spells: 0/0 levels left

rFire   . . .      SeeInvis .   a - +0 war axe
rCold   . . .      Faith    .   (no shield)
rNeg    . . .      Spirit   .   b - +0 leather armour
rPois   .          Reflect  .   c - +0 helmet
rElec   .          Harm     .   (no cloak)
rCorr   .          Rampage  .   (no gloves)
Will    .....                   (no boots)
Stlth   +.........              (no amulet)
HPRegen 0.05/turn               (no ring)
MPRegen 0.07/turn               (no ring)

@: no status effects
A: no striking features
a: no special abilities


You were on level 1 of the Dungeon.
You visited 1 branch of the dungeon, and saw 1 of its levels.

You collected 24 gold pieces.

Inventory:

Hand Weapons
 a - a +0 war axe (weapon)
Missiles
 d - 3 throwing nets (quivered)
 e - a javelin
Armour
 b - a +0 leather armour (worn)
 c - a +0 helmet (worn)
Scrolls
 f - a scroll of torment {unknown}
 h - a scroll of identify {unknown}
Potions
 g - a potion of haste {unknown}


   Skills:
 + Level 2.2 Fighting
 + Level 3.2 Axes
 - Level 2.0 Throwing
 - Level 3.0 Dodging


You couldn't memorise any spells.
You didn't know any spells.
Your spell library was empty.

Dungeon Overview and Level Annotations

Branches:
Dungeon (1/15)

Altars:


Message History

You barely miss the giant cockroach.
The giant cockroach is heavily wounded.
You barely miss the goblin. The giant cockroach barely misses you.
The goblin hits you but does no damage. The giant cockroach misses you.
You hit the giant cockroach but do no damage.
The giant cockroach is heavily wounded.
You closely miss the goblin. The goblin hits you but does no damage.
The giant cockroach barely misses you. The goblin barely misses you.
You barely miss the giant cockroach.
The giant cockroach is heavily wounded.
You barely miss the goblin. The giant cockroach bites you.
The giant cockroach closely misses you. The goblin hits you but does no damage.
You barely miss the giant cockroach.
The giant cockroach is heavily wounded.
You hit the goblin.
You kill the goblin!
The giant cockroach bites you. The giant cockroach barely misses you.
You barely miss the giant cockroach.
The giant cockroach is heavily wounded.
You barely miss the quokka. The quokka closely misses you.
The giant cockroach barely misses you. The quokka misses you.
You closely miss the giant cockroach.
The giant cockroach is heavily wounded.
You barely miss the quokka. The giant cockroach closely misses you.
The quokka bites you.
The giant cockroach bites you but does no damage.
The quokka bites you.
* * * LOW HITPOINT WARNING * * *
You are too injured to fight recklessly!
You are too injured to fight recklessly!
You are too injured to fight recklessly!
You closely miss the giant cockroach.
The giant cockroach is heavily wounded.
You hit the quokka. The giant cockroach closely misses you.
The quokka bites you.
* * * LOW HITPOINT WARNING * * *
The giant cockroach bites you.
* * * LOW HITPOINT WARNING * * *
The quokka bites you.
You die...

#. ....#.## .#
........# .# ....#..#
.# #...#..# .#
#...#>.# .# # #...#..#
.#######.###...#rB#
...............#@.##.#
.........###......>..#
##.#.###.###.###..####
##................#
##.#.###.###.######
.....###.###.#
##...........#
########.#####
########.#


You could see a quokka and a giant cockroach.

Vanquished Creatures
  A dart slug (D:1)
  A goblin (D:1)
  A hobgoblin (D:1)
3 creatures vanquished.

Notes
Turn   | Place    | Note
-------+----------+-------------------------------------------
     0 | D:1      | devnull the Human Gladiator began the quest for the Orb.
     0 | D:1      | Reached XP level 1. HP: 16/16 MP: 1/1
   284 | D:1      | Slain by a quokka

Illustrated notes

Levels and vault maps discovered:
D:1:      heliophobic_arrival_battle_scene, layout_loops_ring

Action                   || total
-------------------------++-------
Melee: War axe           ||    17
Armor: Leather armour    ||     6
Dodge: Dodged            ||    19
